 Dungeon Crawl Stone Soup version 0.23.2 (webtiles) character file.

Game seed: 15899243402033068255

267 Illumine the Ruffian (level 6, 0/56 HPs)
             Began as a Minotaur Monk on Oct 14, 2019.
             Slain by a crimson imp (3 damage)
             ... on level 4 of the Dungeon.
             The game lasted 00:02:33 (2342 turns).

Illumine the Ruffian (Minotaur Monk)                Turns: 2342, Time: 00:02:33

Health: 0/56       AC:  2    Str: 18    XL:     6   Next: 0%
Magic:  5/5        EV: 14    Int:  7    God:
Gold:   125        SH:  0    Dex: 12    Spells: 5/5 levels left

rFire    . . .     SeeInvis .     - Unarmed
rCold    . . .     Gourm    .   (no shield)
rNeg     . . .     Faith    .   a - +0 robe
rPois    .         Spirit   .   (helmet restricted)
rElec    .         Reflect  .   (no cloak)
rCorr    .         Harm     .   (no gloves)
MR       .....                  (no boots)
Stlth    ++........             (no amulet)
HPRegen  0.18/turn              (no ring)
MPRegen  0.09/turn              (no ring)

@: lethally poisoned (0 -> 0)
A: retaliatory headbutt, horns 2
a: no special abilities


You were on level 4 of the Dungeon.
You were hungry.

You visited 1 branch of the dungeon, and saw 4 of its levels.

You collected 125 gold pieces.

Inventory:

Armour
 a - a +0 robe (worn)
 q - a +0 leather armour
Jewellery
 h - a +2 ring of evasion {unknown}
 n - an uncursed ring of ice {unknown}
Scrolls
 d - 2 scrolls of teleportation {unknown}
 f - a scroll of enchant weapon {unknown}
 i - a scroll of remove curse {unknown}
 k - a scroll of enchant armour {unknown}
 l - a scroll of fog {unknown}
 m - a scroll of identify {unknown}
Potions
 e - a potion of berserk rage {unknown}
 g - a potion of brilliance {unknown}
 j - a potion of mutation {unknown}
 o - a potion of flight {unknown}
 r - a potion of might {unknown}
Comestibles
 b - 5 rations
 p - 4 chunks of flesh


   Skills:
 + Level 5.0 Fighting
 + Level 4.8 Dodging
 - Level 1.5 Stealth
 * Level 5.6 Unarmed Combat


You had 5 spell levels left.
You didn't know any spells.
Your spell library was empty.

Dungeon Overview and Level Annotations

Branches:
Dungeon (4/15)
 Temple: D:4-7

Altars:

Annotations:
D:2 Sigmund


Innate Abilities, Weirdness & Mutations

You reflexively headbutt those who attack you in melee.
You have a pair of horns on your head.


Message History

You miss the crimson imp. You headbutt the crimson imp!
The crimson imp is severely wounded.
The crimson imp hits you.
* * * LOW HITPOINT WARNING * * *
You barely miss the crimson imp. Your headbutt misses the crimson imp.
The crimson imp is heavily wounded.
You are feeling hungry.
The crimson imp hits you.
* * * LOW HITPOINT WARNING * * *
You closely miss the crimson imp. Your headbutt misses the crimson imp.
The crimson imp is heavily wounded.
The crimson imp hits you.
* * * LOW HITPOINT WARNING * * *
You hit the crimson imp.
The crimson imp is almost dead.
You feel sick. The crimson imp barely misses you.
You barely miss the crimson imp.
The crimson imp is severely wounded.
The crimson imp hits you.
You die...

... # .. ##########.##
.#.##
##...........######>...##
##.......##........)>.....
#.........###.#...........
#...........#.............
#.........................
#.<......†#.#..#######....
#........@5....# ##.
#.........##÷#.#
#.........##...#
#.........###.....
#.........# #...>..#
#.........# #.......
##.......## ####....
##.....## ##.. ####### .#


You could see a crimson imp.

Vanquished Creatures
  An ogre (D:4)
  An orc priest (D:3)
  An orc wizard (D:3)
  Jessica (D:3)
  A worker ant (D:4)
  A hound skeleton (D:4)
  An adder (D:3)
  2 worms
  2 leopard geckos (D:1)
  3 orcs (D:3)
  2 giant cockroaches
  8 goblins
  5 hobgoblins
  6 jackals (D:3)
  5 kobolds
  A quokka (D:4)
  3 bats
  3 rats
47 creatures vanquished.

Notes
Turn   | Place    | Note
-------+----------+-------------------------------------------
     0 | D:1      | Illumine the Minotaur Monk began the quest for the Orb.
     0 | D:1      | Reached XP level 1. HP: 19/19 MP: 0/0
   200 | D:1      | Reached XP level 2. HP: 27/27 MP: 1/1
   915 | D:2      | Noticed Sigmund
  1219 | D:3      | Reached XP level 3. HP: 30/33 MP: 2/2
  1337 | D:3      | Noticed Jessica
  1345 | D:3      | Killed Jessica
  1468 | D:3      | Reached XP level 4. HP: 30/40 MP: 3/3
  1648 | D:3      | Reached XP level 5. HP: 37/47 MP: 4/4
  1750 | D:3      | Reached skill level 5 in Unarmed Combat
  2305 | D:4      | Noticed an ogre
  2315 | D:4      | Killed an ogre
  2331 | D:4      | Reached skill level 5 in Fighting
  2332 | D:4      | Reached XP level 6. HP: 18/56 MP: 5/5
  2342 | D:4      | Slain by a crimson imp

Skill      XL: |  1  2  3  4  5 |
---------------+----------------+-----
Fighting       | 4 5 |  5.0
Unarmed Combat | 4 5 |  5.6
Dodging        | 4 |  4.8
Stealth        | |  1.5

Action                   |  1- 3 |  4- 6 || total
-------------------------+-------+-------++-------
Melee: Unarmed           |    71 |    69 ||   140
       Headbutt          |    12 |    16 ||    28
       Punch             |     2 |     1 ||     3
  Use: Potion            |       |     3 ||     3
 Stab: Sleeping          |       |     1 ||     1
  Eat: Chunk             |     2 |     2 ||     4
Armor: Robe              |     8 |     5 ||    13
Dodge: Dodged            |    32 |    40 ||    72
